 Dungeon Crawl Stone Soup version 0.23-a0-844-gdc03e01 (webtiles) character file.

16 Amnesiac the Insei (level 2, 0/24 HPs)
             Began as a Mummy Monk on Jan 26, 2019.
             Slain by a giant cockroach (2 damage)
             ... on level 2 of the Dungeon.
             The game lasted 00:00:51 (594 turns).

Amnesiac the Insei (Mummy Monk)                      Turns: 594, Time: 00:00:52

Health: 0/24       AC:  0    Str: 14    XL:     2   Next: 37%
Magic:  2/2        EV: 13    Int:  9    God:
Gold:   61         SH:  0    Dex: 14    Spells: 1/1 levels left

rFire    x . .     SeeInvis .     - Unarmed
rCold    + . .     Gourm    .   (no shield)
rNeg     + + +     Faith    .   (no armour)
rPois    ∞         Spirit   .   (no helmet)
rElec    .         Reflect  .   (no cloak)
rCorr    .         Harm     .   (no gloves)
MR       .....                  (no boots)
Stlth    ++........             (no amulet)
HPRegen  0.08/turn              (no ring)
MPRegen  0.08/turn              (no ring)

@: no status effects
A: no food or potions, fire vulnerability, cold resistance 1, negative energy
resistance 3, torment resistance, unbreathing
a: no special abilities


You were on level 2 of the Dungeon.
You were not hungry.

You visited 1 branch of the dungeon, and saw 2 of its levels.

You collected 61 gold pieces.

Inventory:

Jewellery
 b - an uncursed amulet of the gourmand {unknown}
Scrolls
 a - a scroll of remove curse {!r, unknown}
 c - a scroll of teleportation {!r, unknown}
 d - a scroll of identify {!r, unknown}


   Skills:
 - Level 3.0 Fighting
 - Level 2.4 Dodging
 - Level 1.5 Stealth
 + Level 3.1 Unarmed Combat


You had one spell level left.
You didn't know any spells.
Your spell library was empty.

Dungeon Overview and Level Annotations

Branches:
Dungeon (2/15)

Altars:


Innate Abilities, Weirdness & Mutations

You do not eat or drink.
Your flesh is vulnerable to fire.
You are immune to poison.
Your flesh is cold resistant. (rC+)
You are immune to negative energy. (rN+++)
You are immune to unholy pain and torment.
You can survive without breathing.


Message History

No target in view!
No target in view!
No target in view!
No target in view!
No target in view!
No target in view!
No target in view!
No target in view!
No target in view!
You now have 57 gold pieces (gained 15).
b - a dented cameo amulet You now have 61 gold pieces (gained 4).
c - a scroll labeled SEKLYBL YQOLE {!r};
d - a scroll labeled YTUCSA KANA {!r} A bat comes into view.
A giant cockroach, a goblin and 2 hobgoblins come into view.
The goblin shouts!
The hobgoblin shouts!
The bat misses you. The bat barely misses you.
A goblin comes into view.
The goblin shouts!
Found a scroll labeled WITOUXELAFE.
You miss the bat. The bat hits you.
The hobgoblin shouts!
The kobold shouts!
The bat closely misses you.
You closely miss the bat. The bat barely misses you.
The kobold closely misses you. The bat hits you.
You closely miss the bat. The bat hits you. The kobold hits you.
* * * LOW HITPOINT WARNING * * *
The goblin closely misses you.
You hit the hobgoblin.
You kill the hobgoblin!
The giant cockroach closely misses you. The hobgoblin hits you with a +0 club.
* * * LOW HITPOINT WARNING * * *
The kobold closely misses you.
You hit the bat.
You kill the bat!
The giant cockroach closely misses you. The hobgoblin hits you with a +0 club.
* * * LOW HITPOINT WARNING * * *
The goblin hits you.
* * * LOW HITPOINT WARNING * * *
The kobold misses you.
You are too injured to fight recklessly!
You are too injured to fight recklessly!
You are too injured to fight recklessly!
You are too injured to fight recklessly!
You are too injured to fight recklessly!
You are too injured to fight recklessly!
You are too injured to fight recklessly!
You are too injured to fight recklessly!
You are too injured to fight recklessly!
You are too injured to fight recklessly!
The giant cockroach barely misses you. The goblin hits you.
* * * LOW HITPOINT WARNING * * *
The giant cockroach barely misses you. The giant cockroach bites you.
* * * LOW HITPOINT WARNING * * *
There is a stone staircase leading down here.
The giant cockroach misses you.
You climb downwards.
A frilled lizard comes into view.
Found four items.
Found a stone staircase leading down.
There is a stone staircase leading up here.
The giant cockroach bites you.
You die...

#.. #..# ####
..... ..#### #
#?..##....###.#
#.......#......
##.............#
...$..(.@..#
.........(.....#
.........#
.........#
##.......#
#.......#
#########


You could see a giant cockroach and a frilled lizard (sleeping).

Vanquished Creatures
  A dart slug (D:1)
  2 bats (D:1)
  2 goblins (D:1)
  3 hobgoblins (D:1)
  A kobold (D:1)
  2 frilled lizards (D:1)
  2 rats (D:1)
  4 toadstools (D:1)
17 creatures vanquished.

Notes
Turn   | Place    | Note
-------+----------+-------------------------------------------
     0 | D:1      | Amnesiac the Mummy Monk began the quest for the Orb.
     0 | D:1      | Reached XP level 1. HP: 18/18 MP: 1/1
   330 | D:1      | Reached XP level 2. HP: 10/24 MP: 2/2
   587 | D:1      | HP: 1/24 [giant cockroach (2)]
   594 | D:2      | Slain by a giant cockroach

Vault maps used:
D:1:      ldierk_water_garden
D:2:      minmay_general_purpose_star, kennysheep_vampire_church,
          nicolae_overflow_crystal_walls, uniq_crazy_yiuf_cottage, uniq_terence,
          uniq_sigmund

Skill      XL: |  1  2 |
---------------+-------+-----
Unarmed Combat | 3 |  3.1
Fighting       | |  3.0
Dodging        | |  2.4
Stealth        | |  1.5

Action                   || total
-------------------------++-------
Melee: Unarmed           ||    45
 Stab: Sleeping          ||     1
Dodge: Dodged            ||    27

Table legend:
 A = Non-vault XP
 B = Vault XP
 C = Vault XP percentage of total XP
 D = Non-vault monster count
 E = Vault monster count
 F = Vault count percentage of total count
                 A         B        C        D         E       F
            +---------+---------+-------+---------+---------+-------
      Total |      23 |       0 |   0.0 |      13 |       0 |   0.0
            +---------+---------+-------+---------+---------+-------
        D:1 |      23 |       0 |   0.0 |      13 |       0 |   0.0
            +---------+---------+-------+---------+---------+-------
